 Dungeon Crawl Stone Soup version 0.28-a0-674-gdaf460b524 (webtiles) character file.

Game seed: 13277950013127187540

287 freelancePsychic the Grave Robber (level 6, -8/35 HPs)
             Began as a Deep Elf Necromancer on Oct 17, 2021.
             Mangled by a gnoll (10 damage)
             ... on level 6 of the Dungeon.
             The game lasted 00:08:11 (5347 turns).

freelancePsychic the Grave Robber (DENe)            Turns: 5347, Time: 00:08:12

Health: -8/35      AC:  3    Str:  2 (5)  XL:     6   Next: 8%
Magic:  13/14      EV: 12    Int: 22 (25) God:
Gold:   184        SH:  0    Dex: 14 (15) Spells: 9/13 levels left

rFire   . . .      SeeInvis .   d - +1 dagger (venom)
rCold   . . .      Faith    .   (no shield)
rNeg    . . .      Spirit   .   a - +0 robe
rPois   +          Reflect  .   j - +0 helmet {Int+3}
rElec   .          Harm     .   (no cloak)
rCorr   .          Rampage  .   (no gloves)
Will    .....                   (no boots)
Stlth   +++.......              (no amulet)
HPRegen 0.11/turn               l - ring of poison resistance
MPRegen 0.14/turn               (no ring)

@: mighty, attractive
A: no striking features
a: no special abilities


You were on level 6 of the Dungeon.
You visited 1 branch of the dungeon, and saw 6 of its levels.

You collected 184 gold pieces.

Inventory:

Hand Weapons
 c - a +1 long sword of protection
 d - a +1 dagger of venom (weapon)
Armour
 a - a +0 robe (worn)
 j - a +0 helmet of intelligence (worn)
Magical Staves
 s - a staff of cold
Jewellery
 l - a ring of poison resistance (left hand)
 t - a ring of fire
Wands
 q - a wand of charming (11)
Scrolls
 i - 3 scrolls of magic mapping
 m - 3 scrolls of identify {@r1}
Potions
 f - a potion of brilliance


   Skills:
 - Level 2.1 Fighting
 - Level 2.4 Short Blades
 - Level 2.4 Dodging
 - Level 4.5 Stealth
 + Level 4.0 Spellcasting
 * Level 2.9 Summonings
 - Level 4.8 Necromancy


You had 9 spell levels left.
You knew the following spells:

 Your Spells              Type           Power      Damage    Failure   Level
a - Pain                  Necr           100%       1d9       1%          1
b - Call Canine Familiar  Summ           17%        N/A       10%         3

Your spell library contained the following spells:

 Spells                   Type           Power      Damage    Failure   Level
 Animate Skeleton         Necr           50%        N/A       1%          1
 Vampiric Draining        Necr           12%        2d7       4%          3
 Sandblast                Erth           8%         2d5       11%         1
 Animate Dead             Necr           12%        N/A       16%         4
 Blink                    Tloc           N/A        N/A       17%         2
 Passwall                 Tmut/Erth      3%         N/A       17%         2
 Inner Flame              Hex/Fire       4%         N/A       32%         3
 Lesser Beckoning         Tloc           4%         N/A       32%         3
 Portal Projectile        Hex/Tloc       8%         N/A       32%         3
 Stone Arrow              Conj/Erth      8%         3d7       32%         3
 Agony                    Necr           25%        N/A       38%         5
 Cause Fear               Hex            2%         N/A       73%         4
 Leda's Liquefaction      Hex/Erth       2%         N/A       73%         4
 Manifold Assault         Tloc           4%         N/A       97%         5
 Discord                  Hex            2%         N/A       100%        8


Dungeon Overview and Level Annotations

Branches:
Dungeon (6/15)
 Temple: D:4-7

Altars:
Hepliaklqana
Yredelemnul

Shops:
D:3 [   D:4 =


Message History

The gnoll hits you with a +0 club.
* * * LOW HITPOINT WARNING * * *
The adder bites you but does no damage. The hound closely misses you.
The adder misses you. The gnoll is attracted toward you.
The gnoll is attracted toward you. The hound closely misses you.
The gnoll is attracted toward you. The hound bites you but does no damage.
The adder is attracted toward you. The gnoll is attracted toward you. x4
The gnoll is attracted toward you. x3
The hound misses you. The gnoll is attracted toward you. x3
Okay, then.
You hit the hound.
The hound is poisoned.
The hound is severely wounded.
The hound misses you. The hound bites you but does no damage.
The gnoll is attracted toward you.
Found a scroll of identify.
You kill the hound!
The adder is attracted toward you.
Your Spellcasting skill increases to level 4!
You have reached level 6!
Your experience leads to an increase in your attributes!
Your base attributes are Str 5, Int 21, Dex 15.
Increase (S)trength, (I)ntelligence, or (D)exterity?
You feel clever.
You are starting to lose your buoyancy.
The gnoll is attracted toward you. x2
The adder bites you but does no damage. The gnoll is attracted toward you.
The gnoll is attracted toward you. x2
Found a scroll of identify.
The adder bites you.
* * * LOW HITPOINT WARNING * * *
The gnoll is attracted toward you.
You closely miss the adder.
You float gracefully downwards.
The gnoll closely misses you. The adder closely misses you.
The gnoll is attracted toward you. x2
You miss the adder. The gnoll hits you with a +0 spear.
* * * LOW HITPOINT WARNING * * *
The gnoll hits you from afar with a +1 vorpal halberd!
You die...

. #... .#####....
#..........
#.........
######.........
..............?
...............
##...@.#.#
#....gS#.## #
#......gg.§## ..
#..#.?...§...## ...
..
##.....#...####...#
.
##...###...#......
#..## ###§....#
#..# #..##..# .
##.# ##.## .#


You could see 3 gnolls and an adder.

Vanquished Creatures
  A hound (D:6)
  An orc priest (D:3)
  An iguana (D:4)
  An orc wizard (D:3)
  A hound skeleton (D:4)
  2 gnolls (D:5)
  6 adders
  3 worms
  A dart slug (D:4)
  3 orcs
  8 endoplasms
  3 giant cockroaches
  5 goblins
  5 hobgoblins
  4 jackals (D:1)
  4 quokkas
  6 ball pythons
  8 bats
  4 frilled lizards (D:2)
  4 kobolds
  5 rats
76 creatures vanquished.

Vanquished Creatures (collateral kills)
  A gnoll (D:5)
1 creature vanquished.

Vanquished Creatures (others)
  16 plants
  13 withered plants (D:1)
29 creatures vanquished.

Grand Total: 106 creatures vanquished

Notes
Turn   | Place    | Note
-------+----------+-------------------------------------------
     0 | D:1      | freelancePsychic the Deep Elf Necromancer began the quest
                  | for the Orb.
     0 | D:1      | Reached XP level 1. HP: 10/10 MP: 6/6
    45 | D:1      | Found a faded altar of an unknown god.
   445 | D:1      | Reached XP level 2. HP: 15/16 MP: 6/8
   957 | D:1      | Reached skill level 1 in Fighting
  1297 | D:2      | Reached skill level 1 in Short Blades
  1297 | D:2      | Reached XP level 3. HP: 15/20 MP: 4/9
  2575 | D:3      | Reached XP level 4. HP: 20/25 MP: 4/11
  2832 | D:3      | Found a hazy altar of Hepliaklqana.
  3129 | D:4      | Found Oreegapp's Jewellery Shop.
  3379 | D:3      | Found Dyfogosch's Antique Armour Emporium.
  3414 | D:3      | Reached XP level 5. HP: 23/30 MP: 12/12
  3848 | D:4      | Reached skill level 1 in Summonings
  4267 | D:4      | Found a basalt altar of Yredelemnul.
  4990 | D:5      | Entered Level 5 of the Dungeon
  5084 | D:5      | Learned a level 3 spell: Call Canine Familiar
  5233 | D:5      | Noticed an ogre
  5305 | D:6      | Noticed a steam dragon
  5341 | D:6      | Reached XP level 6. HP: 5/35 MP: 12/14
  5347 | D:6      | Mangled by a gnoll

Illustrated notes

Levels and vault maps discovered:
D:1:      dpeg_arrival_simpleton_b, layout_rooms,
          shapermc_ecumenical_altar_flowoftime
D:2:      layout_basic, wander_ebering_terrifying_dragon_lair
D:3:      layout_rooms, nicolae_hepliaklqana_hazy_memory, serial_shops, shop
D:4:      layout_basic, mainiacjoe_overflow_surrounded_room, serial_shops,
          nicolae_shop_stone, kennysheep_generic_room_13
D:5:      layout_basic, mainiacjoe_overflow_chevrons, minmay_temple_entry_fiery
D:6:      layout_layer_cave, zin_angel, gammafunk_ghost_split,
          ebering_dispersal_statue_hall

Skill      XL: |  1  2  3  4  5 |
---------------+----------------+-----
Stealth        | 3 4 |  4.5
Fighting       | 1 2 |  2.1
Short Blades   | 1 2 |  2.4
Summonings     | 2 |  2.9
Spellcasting   | 4 |  4.0
Dodging        | |  2.4
Necromancy     | |  4.8

Action                   |  1- 3 |  4- 6 || total
-------------------------+-------+-------++-------
Melee: Dagger            |    16 |    49 ||    65
 Cast: Pain              |    78 |    47 ||   125
       Call Canine Famil |       |     2 ||     2
  Use: Potion            |       |     8 ||     8
       Scroll            |       |     5 ||     5
 Stab: Sleeping          |       |     1 ||     1
Armor: Robe              |     7 |    11 ||    18
Dodge: Dodged            |    19 |    51 ||    70

Table legend: (Time is in decaauts)
 A = Elapsed time spent in this place.
 B = Non-inter-level travel time spent in this place.
 C = Inter-level travel time spent in this place.
 D = Time resting spent in this place.
 E = Time spent auto-exploring this place.
 F = Levels seen in this place.
 G = Mean time per level.
                   A        B        C        D        E       F      G
               +--------+--------+--------+--------+--------+-----+--------+
         Total |   5340 |   5180 |    160 |    464 |   4089 |   6 |  890.0 |
       Dungeon |   5340 |   5180 |    160 |    464 |   4089 |   6 |  890.0 |
               +--------+--------+--------+--------+--------+-----+--------+

Top non-repeatable levels by time:
     D:4: 1422 daAuts
     D:1: 1415 daAuts
     D:2: 1147 daAuts
     D:3: 999 daAuts
     D:5: 256 daAuts
     D:6: 99 daAuts
